ESL (28 & UNDER)
READING RAINBOWS @ KINGSTON IGUANAS
08/09/2026
 
TOP OF THE 1ST
Reading Rainbows batting - Pitching for Kingston Iguanas : RHP José Ramírez
Pitching: RHP José Ramírez
Batting: LHB Alfonso Ruíz 0-0: Foul Ball, location: 2F
0-1: Called Strike
0-2: Strikes out looking
Batting: LHB Richard Henry 0-0: Ball
1-0: Ball
2-0: SINGLE (Flyball, 78S)
Batting: RHB Dan Banks 0-0: Swinging Strike
0-1: Foul Ball, location: 2F
0-2: SINGLE (Groundball, 56D)
Richard Henry to second
Batting: RHB Germano Labrego 0-0: Ball
1-0: SINGLE (Groundball, 56)
Richard Henry to third
Dan Banks to second
Batting: RHB Albert Lutz 0-0: Ball
1-0: Called Strike
1-1: Ball
2-1: Foul Ball, location: 2F
2-2: Ball
3-2: Foul Ball, location: 2F
3-2: Base on Balls
Richard Henry scores
Dan Banks to third
Germano Labrego to second
Batting: RHB Hubert Brown 0-0: Fly out, F8 (Line Drive, 8LM)
Runner from 3rd tags up, SCORES, no throw
Batting: RHB Joe Land 0-0: Swinging Strike
0-1: Ball
1-1: Swinging Strike
1-2: Ball
2-2: Strikes out swinging
Top of the 1st over - 2 run(s), 3 hit(s), 0 error(s), 2 left on base; Reading 2 - Kingston 0
BOTTOM OF THE 1ST
Kingston Iguanas batting - Pitching for Reading Rainbows : LHP Tomás López
Pitching: LHP Tomás López
Batting: RHB Tim Davis 0-0: Swinging Strike
0-1: Ball
1-1: Ball
2-1: Swinging Strike
2-2: Ball
3-2: Foul Ball, location: 2F
3-2: Foul Ball, location: 2F
3-2: Foul Ball, location: 2F
3-2: Strikes out swinging
Batting: RHB Bill Crawley 0-0: Ball
1-0: Foul Ball, location: 2F
1-1: Ball
2-1: Swinging Strike
2-2: Strikes out swinging
Batting: RHB Salvador Vega 0-0: Foul Ball, location: 2F
0-1: Called Strike
0-2: Foul Ball, location: 2F
0-2: Foul Ball, location: 2F
0-2: Ball
1-2: Foul Ball, location: 2F
1-2: Ball
2-2: Foul Ball, location: 2F
2-2: Ball
3-2: Fly out, F4 (Popup, 4M)
Bottom of the 1st over - 0 run(s), 0 hit(s), 0 error(s), 0 left on base; Reading 2 - Kingston 0
TOP OF THE 2ND
Reading Rainbows batting - Pitching for Kingston Iguanas : RHP José Ramírez
Batting: RHB Donald Sanford 0-0: Ball
1-0: Foul Ball, location: 2F
1-1: Ball
2-1: Called Strike
2-2: Strikes out swinging
Batting: LHB Wally Coker 0-0: Swinging Strike
0-1: Called Strike
0-2: Foul Ball, location: 2F
0-2: Strikes out swinging
Batting: LHB Alfonso Ruíz 0-0: Swinging Strike
0-1: Ground out 4-3 (Groundball, 4M)
Top of the 2nd over - 0 run(s), 0 hit(s), 0 error(s), 0 left on base; Reading 2 - Kingston 0
BOTTOM OF THE 2ND
Kingston Iguanas batting - Pitching for Reading Rainbows : LHP Tomás López
Batting: RHB Diego Francisco 0-0: Ball
1-0: Ball
2-0: Swinging Strike
2-1: Swinging Strike
2-2: Foul Ball, location: 2F
2-2: Strikes out looking
Batting: LHB Steve Davis 0-0: Swinging Strike
0-1: Ball
1-1: Ball
2-1: Swinging Strike
2-2: Foul Ball, location: 2F
2-2: Ball
3-2: Foul Ball, location: 2F
3-2: Strikes out looking
Batting: LHB Mike Godfrey 0-0: Foul Ball, location: 2F
0-1: Ball
1-1: Ball
2-1: Foul Ball, location: 2F
2-2: Strikes out swinging
Bottom of the 2nd over - 0 run(s), 0 hit(s), 0 error(s), 0 left on base; Reading 2 - Kingston 0
TOP OF THE 3RD
Reading Rainbows batting - Pitching for Kingston Iguanas : RHP José Ramírez
Batting: LHB Richard Henry 0-0: Ball
1-0: Ground out 4-3 (Groundball, 34)
Batting: RHB Dan Banks 0-0: Ball
1-0: Swinging Strike
1-1: Fly out, F2 (Popup, 25F)
Batting: RHB Germano Labrego 0-0: Foul Ball, location: 2F
0-1: Ball
1-1: Swinging Strike
1-2: Foul Ball, location: 2F
1-2: Ball
2-2: Foul Ball, location: 2F
2-2: Foul Ball, location: 2F
2-2: Ball
3-2: Strikes out swinging, 2-3 out at first.
Top of the 3rd over - 0 run(s), 0 hit(s), 0 error(s), 0 left on base; Reading 2 - Kingston 0
BOTTOM OF THE 3RD
Kingston Iguanas batting - Pitching for Reading Rainbows : LHP Tomás López
Batting: RHB Mike Johnson 0-0: Called Strike
0-1: Foul Ball, location: 2F
0-2: Foul Ball, location: 2F
0-2: Foul Ball, location: 2F
0-2: Ball
1-2: Strikes out swinging
Batting: RHB Soshu Nakamura 0-0: Called Strike
0-1: Ball
1-1: Ground out 6-3 (Groundball, 6)
Batting: RHB Bobby Armstrong 0-0: Ball
1-0: Foul Ball, location: 2F
1-1: Ground out 6-3 (Groundball, 6S)
Bottom of the 3rd over - 0 run(s), 0 hit(s), 0 error(s), 0 left on base; Reading 2 - Kingston 0
TOP OF THE 4TH
Reading Rainbows batting - Pitching for Kingston Iguanas : RHP José Ramírez
Batting: RHB Albert Lutz 0-0: Ball
1-0: Ground out 1-3 (Groundball, 13S)
Batting: RHB Hubert Brown 0-0: Ball
1-0: SINGLE (Line Drive, 8LS)
Batting: RHB Joe Land 0-0: Ball
1-0: Ball
2-0: Swinging Strike
2-1: Swinging Strike
2-2: 2-RUN HOME RUN (Flyball, 7LD), Distance : 338 ft
Batting: RHB Donald Sanford 0-0: Swinging Strike
0-1: Fly out, F5 (Popup, 25F)
Batting: LHB Wally Coker 0-0: Foul Ball, location: 2F
0-1: Fly out, F7 (Flyball, 7M)
Top of the 4th over - 2 run(s), 2 hit(s), 0 error(s), 0 left on base; Reading 4 - Kingston 0
BOTTOM OF THE 4TH
Kingston Iguanas batting - Pitching for Reading Rainbows : LHP Tomás López
Batting: RHB Tim Davis 0-0: Ball
1-0: Foul Ball, location: 2F
1-1: Called Strike
1-2: Strikes out swinging
Batting: RHB Bill Crawley 0-0: Called Strike
0-1: Called Strike
0-2: Ball
1-2: Fly out, F8 (Flyball, 8LM)
Batting: RHB Salvador Vega 0-0: Called Strike
0-1: Foul Ball, location: 2F
0-2: Ball
1-2: Ball
2-2: Foul Ball, location: 2F
2-2: Foul Ball, location: 2F
2-2: Strikes out looking
Bottom of the 4th over - 0 run(s), 0 hit(s), 0 error(s), 0 left on base; Reading 4 - Kingston 0
TOP OF THE 5TH
Reading Rainbows batting - Pitching for Kingston Iguanas : RHP José Ramírez
Batting: LHB Alfonso Ruíz 0-0: Called Strike
0-1: Ball
1-1: Ball
2-1: Swinging Strike
2-2: DOUBLE (Flyball, 7LS)
Batting: LHB Richard Henry 0-0: Foul Ball, location: 2F
0-1: Called Strike
0-2: Foul Ball, location: 2F
0-2: Ball
1-2: Ball
2-2: Ball
3-2: Fly out, F7 (Flyball, 78D)
Batting: RHB Dan Banks 0-0: Ball
1-0: Ball
2-0: SINGLE (Groundball, 56D)
Alfonso Ruíz to third
Runner from 3rd tries for Home, SAFE, no throw or cutoff
Batting: RHB Germano Labrego 0-0: Swinging Strike
0-1: Grounds into double play, 6-4-3 (Groundball, 6)
Top of the 5th over - 1 run(s), 2 hit(s), 0 error(s), 0 left on base; Reading 5 - Kingston 0
BOTTOM OF THE 5TH
Kingston Iguanas batting - Pitching for Reading Rainbows : LHP Tomás López
Batting: RHB Diego Francisco 0-0: Called Strike
0-1: Ball
1-1: Swinging Strike
1-2: Foul Ball, location: 2F
1-2: Fly out, F8 (Flyball, 8LM)
Batting: LHB Steve Davis 0-0: Ball
1-0: Swinging Strike
1-1: Swinging Strike
1-2: Foul Ball, location: 2F
1-2: Ball
2-2: Strikes out swinging
Batting: LHB Mike Godfrey 0-0: Ground out 5-3 (Groundball, 56)
Bottom of the 5th over - 0 run(s), 0 hit(s), 0 error(s), 0 left on base; Reading 5 - Kingston 0
TOP OF THE 6TH
Reading Rainbows batting - Pitching for Kingston Iguanas : RHP José Ramírez
Batting: RHB Albert Lutz 0-0: Ground out 5-3 (Groundball, 5S)
Batting: RHB Hubert Brown 0-0: Foul Ball, location: 2F
0-1: Ball
1-1: Swinging Strike
1-2: Strikes out swinging
Batting: RHB Joe Land 0-0: Foul Ball, location: 2F
0-1: Swinging Strike
0-2: Ball
1-2: Strikes out swinging
Top of the 6th over - 0 run(s), 0 hit(s), 0 error(s), 0 left on base; Reading 5 - Kingston 0
BOTTOM OF THE 6TH
Kingston Iguanas batting - Pitching for Reading Rainbows : LHP Tomás López
Batting: RHB Mike Johnson 0-0: Foul Ball, location: 2F
0-1: Foul Ball, location: 2F
0-2: Ball
1-2: Ball
2-2: Ball
3-2: Fly out, F5 (Line Drive, 56)
Batting: RHB Soshu Nakamura 0-0: SINGLE (Groundball, 56)
Batting: RHB Bobby Armstrong Pickoff Throw to First - Error! E1
Soshu Nakamura to second
0-0: Ball
1-0: Called Strike
1-1: Ball
2-1: SINGLE (Groundball, 25) (infield hit)
Soshu Nakamura to third
Batting: RHB Tim Davis 0-0: Ball
1-0: Fly out, F9 (Flyball, 89M)
Runner from 3rd tags up, SCORES, no throw
Pitching: LHP Robert Trent
Batting: RHB Bill Crawley 0-0: Ball
1-0: Foul Ball, location: 2F
1-1: Ball
2-1: Ball
3-1: Base on Balls
Bobby Armstrong to second
Batting: RHB Salvador Vega 0-0: Called Strike
0-1: Foul Ball, location: 2F
0-2: Fly out, F4 (Popup, 4M)
Bottom of the 6th over - 1 run(s), 2 hit(s), 1 error(s), 2 left on base; Reading 5 - Kingston 1
TOP OF THE 7TH
Reading Rainbows batting - Pitching for Kingston Iguanas : RHP José Ramírez
Batting: RHB Donald Sanford 0-0: Called Strike
0-1: Swinging Strike
0-2: Fly out, F4 (Line Drive, 4)
Batting: LHB Wally Coker 0-0: SINGLE (Groundball, 4MD)
Batting: LHB Alfonso Ruíz 0-0: Fielders Choice at 2nd, 6-4 (Groundball, 56)
Batting: LHB Richard Henry 0-0: Fly out, F7 (Flyball, 7M)
Top of the 7th over - 0 run(s), 1 hit(s), 0 error(s), 1 left on base; Reading 5 - Kingston 1
BOTTOM OF THE 7TH
Kingston Iguanas batting - Pitching for Reading Rainbows : LHP Robert Trent
Batting: RHB Diego Francisco 0-0: Ball
1-0: Ball
2-0: Ball
3-0: Base on Balls
Batting: LHB Steve Davis 0-0: Swinging Strike
0-1: Fly out, F9 (Flyball, 89S)
Batting: LHB Mike Godfrey 0-0: Foul Ball, location: 2F
0-1: Called Strike
0-2: Strikes out swinging
Batting: RHB Mike Johnson 0-0: Ball
1-0: Fly out, F8 (Line Drive, 8LM)
Bottom of the 7th over - 0 run(s), 0 hit(s), 0 error(s), 1 left on base; Reading 5 - Kingston 1
TOP OF THE 8TH
Reading Rainbows batting - Pitching for Kingston Iguanas : RHP José Ramírez
Batting: RHB Dan Banks 0-0: Foul Ball, location: 2F
0-1: Called Strike
0-2: Ball
1-2: Fly out, F9 (Flyball, 9LM)
Pitching: RHP Vic Bradshaw
Batting: RHB Germano Labrego 0-0: Ball
1-0: Ball
2-0: Called Strike
2-1: Foul Ball, location: 2F
2-2: Foul Ball, location: 2F
2-2: Ball
3-2: Base on Balls
Batting: RHB Albert Lutz 0-0: Fly out, F3 (Popup, 13)
Batting: RHB Hubert Brown 0-0: Swinging Strike
0-1: Ball
1-1: Ball
2-1: Foul Ball, location: 2F
2-2: Ball
3-2: SINGLE (Line Drive, 56D)
Germano Labrego to second
Germano Labrego to third
Batting: RHB Joe Land 0-0: Fly out, F7 (Flyball, 78M)
Top of the 8th over - 0 run(s), 1 hit(s), 0 error(s), 2 left on base; Reading 5 - Kingston 1
BOTTOM OF THE 8TH
Kingston Iguanas batting - Pitching for Reading Rainbows : LHP Robert Trent
Batting: RHB Soshu Nakamura 0-0: Hit by Pitch
Batting: RHB Bobby Armstrong 0-0: Called Strike
0-1: Swinging Strike
0-2: Foul Ball, location: 2F
0-2: Foul Ball, location: 2F
0-2: DOUBLE (Flyball, 9D)
Soshu Nakamura to third
Pitching: RHP Juan Martínez
Batting: RHB Tim Davis 0-0: Ball
1-0: Swinging Strike
1-1: Swinging Strike
1-2: Strikes out swinging
Batting: RHB Bill Crawley 0-0: Called Strike
0-1: Foul Ball, location: 2F
0-2: Ball
1-2: Foul Ball, location: 2F
1-2: Ball
2-2: Foul Ball, location: 2F
2-2: Ball
3-2: Fly out, F7 (Line Drive, 7M)
Runner from 3rd tags up, SCORES, no throw
Batting: RHB Salvador Vega 0-0: Ball
1-0: Swinging Strike
1-1: Ball
2-1: Foul Ball, location: 2F
2-2: Foul Ball, location: 2F
2-2: Foul Ball, location: 2F
2-2: Ball
3-2: Foul Ball, location: 2F
3-2: Ground out 4-3 (Groundball, 4)
Bottom of the 8th over - 1 run(s), 1 hit(s), 0 error(s), 1 left on base; Reading 5 - Kingston 2
TOP OF THE 9TH
Reading Rainbows batting - Pitching for Kingston Iguanas : RHP Vic Bradshaw
Batting: RHB Donald Sanford 0-0: Ground out 5-3 (Groundball, 5L)
Batting: LHB Wally Coker 0-0: Ground out U3 (Groundball, 3L)
Batting: LHB Alfonso Ruíz 0-0: Foul Ball, location: 2F
0-1: Ball
1-1: Foul Ball, location: 2F
1-2: Strikes out swinging
Top of the 9th over - 0 run(s), 0 hit(s), 0 error(s), 0 left on base; Reading 5 - Kingston 2
BOTTOM OF THE 9TH
Kingston Iguanas batting - Pitching for Reading Rainbows : RHP Juan Martínez
Pitching: LHP Jason Nichols
Batting: RHB Diego Francisco 0-0: Swinging Strike
0-1: Ball
1-1: Foul Ball, location: 2F
1-2: Ball
2-2: Ball
3-2: Foul Ball, location: 2F
3-2: Base on Balls
Batting: LHB Steve Davis 0-0: Fly out, F3 (Popup, 3S)
Batting: LHB Mike Godfrey 0-0: Called Strike
0-1: Fly out, F8 (Flyball, 8LM)
Batting: RHB Mike Johnson 0-0: Called Strike
0-1: Foul Ball, location: 2F
0-2: Fielders Choice at 2nd, U4 (Groundball, 4M)
Bottom of the 9th over - 0 run(s), 0 hit(s), 0 error(s), 1 left on base; Reading 5 - Kingston 2
Monday, December 5th, 2016 - OOTP Baseball 17.12 Build 75